 Dungeon Crawl Stone Soup version 0.30.1 (webtiles) character file.

Game seed: 18229139270242902883

207 Babbit the Trooper (level 5, -6/45 (47) HPs)
             Began as a Minotaur Fighter on July 7, 2023.
             Mangled by a gnoll
             ... wielding a +0 halberd
              (7 damage)
             ... on level 4 of the Dungeon.
             The game lasted 00:24:42 (2501 turns).

Babbit the Trooper (Minotaur Fighter)               Turns: 2501, Time: 00:24:42

HP:   -6/45 (47)    AC:  8    Str: 20    XL:     5   Next: 54%
MP:   4/4           EV:  9    Int: 11    God:
Gold: 154           SH:  5    Dex: 12    Spells: 4/4 levels left

rFire   . . .        i - +2 mace (protect)
rCold   . . .        c - +0 buckler
rNeg    . . .        b - +0 scale mail
rPois   +            (helmet restricted)
rElec   .            (no cloak)
rCorr   .            (no gloves)
SInv    +            k - +0 pair of boots
Will    .....        (no amulet) Stlth
                     e - ring of see invisible
HPRegen 0.27/turn    p - +6 ring of intelligence
MPRegen 0.09/turn

%: no passive effects
@: attractive, flying, lightly drained
A: horns 2, retaliatory headbutt, deterioration 1, poison resistance
a: no special abilities


You were on level 4 of the Dungeon.
You visited 1 branch of the dungeon, and saw 4 of its levels.

You collected 154 gold pieces.

Inventory:

Hand Weapons
 a - a +0 war axe
 i - a +2 mace of protection (weapon)
 n - a +2 dagger of speed
 o - a +0 short sword of electrocution
 v - a +1 dagger of draining
 w - a +1 dagger of flaming
Missiles
 j - 5 boomerangs (quivered)
Armour
 b - a +0 scale mail (worn)
 c - a +0 buckler (worn)
 k - a +0 pair of boots (worn)
 y - a scarf of repulsion
Jewellery
 e - a ring of see invisible (left hand)
 p - a +6 ring of intelligence (right hand)
Wands
 l - a wand of digging (5)
Scrolls
 f - a scroll of immolation
 g - a scroll of blinking
 m - a scroll of fear
 r - 3 scrolls of amnesia
 u - 2 scrolls of fog {unknown}
Potions
 d - a potion of might
 h - a potion of ambrosia {unknown}
 q - a potion of degeneration {unknown}
 t - 2 potions of resistance
 x - a potion of attraction


   Skills:
 + Level 4.7 Fighting
 + Level 3.9(4.4) Axes
 + Level 2.9(3.9) Maces & Flails
 + Level 4.5 Armour
 + Level 0.7 Dodging
 + Level 0.1 Stealth
 + Level 4.3 Shields


You had 4 spell levels left.
You didn't know any spells.
Your spell library contained the following spells:

 Spells                   Type           Power      Damage    Failure   Level
 Apportation              Tloc           0%         N/A       75%         1
 Alistair's Intoxication  Tmut/Pois      0%         N/A       100%        5
 Fireball                 Conj/Fire      0%         3d3       100%        5
 Iskenderun's Battlesphe  Conj           0%         2d6       100%        5
 Conjure Ball Lightning   Conj/Air       0%         3x3d6     100%        6
 Orb of Destruction       Conj           0%         9d5       100%        7


Dungeon Overview and Level Annotations

Branches:
Dungeon (4/15)
 Temple: D:4-7

Altars:
Ashenzari


Innate Abilities, Weirdness & Mutations

You have a pair of horns on your head.
You reflexively headbutt those who attack you in melee.
Your body sometimes deteriorates upon taking damage.
Your system is resistant to poisons. (rPois)


Message History

You see here a scarf of repulsion.
y - a scarf of repulsion The gnoll hits you with a +0 halberd!
You hit the gnoll.
Your weapon exudes an aura of protection.
You headbutt the gnoll!
The gnoll is severely wounded.
The gnoll hits you with a +0 halberd. You block the gnoll's attack.
You hit the gnoll. You headbutt the gnoll.
You kill the gnoll!
You closely miss the gnoll. Your headbutt misses the gnoll.
The gnoll hits you but does no damage. The gnoll misses you.
You sock the gnoll!
The gnoll is almost dead.
The gnoll hits you with a +2 whip of holy wrath.
The gnoll barely misses you.
You barely miss the gnoll.
The gnoll is severely wounded.
The gnoll completely misses you. The gnoll barely misses you.
You barely miss the gnoll.
The gnoll is severely wounded.
The gnoll hits you with a +2 whip of holy wrath.
The gnoll hits you from afar with a +0 halberd!
* * * LOW HITPOINT WARNING * * *
You block the gnoll's attack.
The gnoll hits you from afar with a +0 halberd.
* * * LOW HITPOINT WARNING * * *
It was a potion of attraction.
You feel attractive to monsters.
The gnoll hits you with a +2 whip of holy wrath.
* * * LOW HITPOINT WARNING * * *
The gnoll closely misses you.
It was a potion of mutation.
You feel extremely strange.
You feel resistant to poisons.
You feel yourself wasting away. You block the gnoll's attack.
The gnoll barely misses you.
It was a potion of flight.
You feel very buoyant.
You fly up into the air.
The gnoll barely misses you.
The gnoll hits you from afar with a +0 halberd!
You die...

..#...#.......# #.......#
....#...###....#.#....###.#
...###....###.#####.###...#
....#.......###...###.....#
#.#...........#._.#.......#
#.##.#......###...###....##
#.#...#...###.##g##.###..#
....#...###....#g#....####
...###.#......##@##......#
.#$[#..#......#...#......#
##...##.....##...##.....#
#.###......#.....#.....#
#.##.......#.....#.....#
#.........###).#.#.....#
##.........##.#........#
+.........'...........#
#.........##..........#


You could see 2 gnolls.

Vanquished Creatures
  Jessica (D:2)
  Robin (D:3)
  5 gnolls
  2 adders (D:2)
  4 worms
  A ball python (D:3)
  5 bats
  6 endoplasms
  4 giant cockroaches
  18 goblins
  4 hobgoblins
  12 jackals
  11 kobolds
  5 quokkas
  5 frilled lizards
  5 rats
89 creatures vanquished.

Notes
Turn   | Place    | Note
-------+----------+-------------------------------------------
     0 | D:1      | Babbit the Minotaur Fighter began the quest for the Orb.
     0 | D:1      | Reached XP level 1. HP: 19/19 MP: 0/0
   106 | D:1      | Reached XP level 2. HP: 27/27 MP: 1/1
   496 | D:1      | Reached XP level 3. HP: 32/33 MP: 2/2
   837 | D:2      | Noticed Jessica
   844 | D:2      | Killed Jessica
   890 | D:2      | Reached XP level 4. HP: 36/41 MP: 3/3
  1053 | D:2      | Reached skill level 1 in Maces & Flails
  1324 | D:2      | Reached XP level 5. HP: 47/47 MP: 4/4
  1476 | D:3      | Found a faded altar of an unknown god.
  2041 | D:3      | Noticed Robin
  2049 | D:3      | Killed Robin
  2349 | D:4      | Found a broken altar of Ashenzari.
  2499 | D:4      | HP: 1/45 [gnoll/+2 whip of holy wrath (6)]
  2500 | D:4      | Gained mutation: Your system is resistant to poisons.
                  | (rPois) [potion of mutation]
  2500 | D:4      | Gained mutation: Your body sometimes deteriorates upon
                  | taking damage. [potion of mutation]
  2501 | D:4      | Mangled by a gnoll

Illustrated notes

Levels and vault maps discovered:
D:1:      dpeg_arrival_windows_large_door, layout_loops_ring,
          wander_ebering_terrifying_dragon_lair
D:2:      layout_basic, lexackson_kobold_supper, uniq_terence, uniq_jessica
D:3:      layout_loops_corners, dreamdust_ecumenical_altar_sealed_demon,
          uniq_robin
D:4:      layout_loops_corners, nicolae_hepliaklqana_monster_ancestors,
          lemuel_tele_altar, nicolae_ashenzari_panopticon,
          minmay_temple_entry_from_below_a, minmay_strange_pillars

Skill      XL: |  1  2  3  4 |
---------------+-------------+-----
Fighting       | 4 |  4.7
Shields        | 4 |  4.3
Axes           | 3 |  3.9
Armour         | 4 |  4.5
Maces & Flails | 2 |  2.9
Dodging        | |  0.7
Stealth        | |  0.1

Action                     |  1- 3 |  4- 6 || total
---------------------------+-------+-------++-------
  Melee: War axe           |    35 |       ||    35
         Headbutt          |     6 |    23 ||    29
         Mace              |    10 |   127 ||   137
  Throw: Boomerang         |     1 |       ||     1
    Use: Scroll            |       |     5 ||     5
         Potion            |       |     3 ||     3
 Armour: Scale mail        |    22 |    57 ||    79
  Dodge: Dodged            |    20 |    52 ||    72
  Block: Buckler           |     7 |    34 ||    41
